 Dungeon Crawl Stone Soup version 0.32-a0-35-gd9ff480968 (webtiles) character file.

Game seed: 8080123364434238055

93 Curundu the Trooper (level 4, -4/61 HPs)
             Began as a Minotaur Berserker on Jan 22, 2024.
             Was a Believer of Trog.
             Slain by a gnoll
             ... wielding a +0 halberd
              (9 damage)
             ... on level 2 of the Dungeon.
             The game lasted 00:06:40 (1474 turns).

Curundu the Trooper (Minotaur Berserker)            Turns: 1474, Time: 00:06:41

Health: -4/61      AC:  3    Str: 24    XL:     4   Next: 37%
Magic:  3/3        EV: 12    Int:  4    God:    Trog [**....]
Gold:   43         SH:  0    Dex:  9    Spells: 3/3 levels left

rFire   . . .        a - +0 hand axe
rCold   . . .        (no shield)
rNeg    . . .        b - +0 animal skin
rPois   .            (helmet restricted)
rElec   .            (no cloak)
rCorr   .            (no gloves)
SInv    .            g - +0 pair of boots
Will    .....        (no amulet) Stlth
                     (no ring)
HPRegen 0.30/turn    (no ring)
MPRegen 0.08/turn

%: no passive effects
@: berserking, very quick
A: horns 2, retaliatory headbutt
a: Renounce Religion, Berserk, Trog's Hand


You were on level 2 of the Dungeon.
You worshipped Trog.
Trog was pleased with you.
You visited 1 branch of the dungeon, and saw 2 of its levels.

You collected 43 gold pieces.

Inventory:

Hand Weapons
 a - a +0 hand axe (weapon)
Missiles
 e - 5 javelins (quivered)
Armour
 b - a +0 animal skin (worn)
 g - a +0 pair of boots (worn)
Jewellery
 f - an amulet of faith
Wands
 j - a wand of paralysis (11)
Scrolls
 c - a scroll of identify
 k - a scroll of noise {unknown}
Potions
 d - a potion of berserk rage
 h - a potion of heal wounds
 i - a potion of degeneration
 l - a potion of haste {unknown}


   Skills:
 + Level 4.4 Fighting
 + Level 4.4 Axes
 + Level 3.5 Armour
 + Level 3.2 Dodging


You had 3 spell levels left.
You didn't know any spells.
Your spell library was empty.

Dungeon Overview and Level Annotations

Branches:
Dungeon (2/15)

Altars:


Innate Abilities, Weirdness & Mutations

You have a pair of horns on your head.
You reflexively headbutt those who attack you in melee.


Message History

You hit the gnoll. You headbutt the gnoll.
You kill the gnoll!
Trog accepts your kill.
The gnoll hits you from afar with a +0 spear.
You have reached level 4!
You feel stronger. The gnoll completely misses you.
You see here a +0 halberd.
You hit the gnoll but do no damage. The gnoll hits you with a +0 spear!
You closely miss the gnoll. The gnoll hits you with a +0 spear.
You hit the gnoll.
The gnoll is moderately wounded.
The gnoll closely misses you.
You barely miss the gnoll.
The gnoll is moderately wounded.
The gnoll hits you with a +0 spear.
You hit the gnoll but do no damage.
The gnoll is moderately wounded.
The gnoll hits you with a +0 spear!
You slash the gnoll!
The gnoll is almost dead.
The gnoll closely misses you. You furiously retaliate!
You headbutt the gnoll.
You kill the gnoll!
Trog accepts your kill. The gnoll closely misses you. You furiously retaliate!
You headbutt the gnoll.
The gnoll hits you from afar with a +0 halberd.
* * * LOW HITPOINT WARNING * * *
Things that are here:
a +0 spear; a gnoll corpse A red film seems to cover your vision as you go berserk!
You feel yourself moving faster!
You feel mighty! The gnoll closely misses you. x2
You slash the gnoll!
The gnoll is almost dead.
The gnoll barely misses you. You furiously retaliate!
You headbutt the gnoll.
You kill the gnoll!
Trog accepts your kill.
The gnoll hits you from afar with a +0 halberd!
* * * LOW HITPOINT WARNING * * *
The gnoll hits you with a +0 halberd!
You die...

.....# #.#
###.#######.#
#>.....)....#
#....(#######
#.....# #.....#
#.....# #.##.##
#############
#.##.####
#†.))@g......
........#
#(##########.
#.##.##.## #.#
#.##.#.<.###.#######
#.##................
#..###...###.##.....
........## #... ....
##.###### ####..)..
##.# ...!


You could see a gnoll.

Vanquished Creatures
  6 gnolls (D:2)
  A dart slug (D:1)
  4 endoplasms
  2 goblins
  3 hobgoblins
  A quokka (D:1)
  3 ball pythons
  6 bats
  A frilled lizard (D:1)
  4 kobolds (D:2)
  8 rats
39 creatures vanquished.

Notes
Turn   | Place    | Note
-------+----------+-------------------------------------------
     0 | D:1      | Curundu the Minotaur Berserker began the quest for the Orb.
     0 | D:1      | Reached XP level 1. HP: 19/19 MP: 0/0
   244 | D:1      | Reached XP level 2. HP: 27/27 MP: 1/1
   751 | D:1      | Found a faded altar of an unknown god.
  1004 | D:2      | Reached ** piety under Trog
  1139 | D:2      | Reached XP level 3. HP: 33/33 MP: 2/2
  1464 | D:2      | Reached XP level 4. HP: 32/41 MP: 3/3
  1474 | D:2      | Slain by a gnoll

Illustrated notes

Levels and vault maps discovered:
D:1:      giann_wishing_wells, layout_basic, shapermc_ecumenical_altar_acropolis
D:2:      layout_loops_ring, uniq_crazy_yiuf_cottage

Skill      XL: |  1  2  3 |
---------------+----------+-----
Fighting       | 4 |  4.4
Axes           | 4 |  4.4
Armour         | 3 |  3.5
Dodging        | 3 |  3.2

Action                     |  1- 3 |  4- 6 || total
---------------------------+-------+-------++-------
  Melee: Hand axe          |    74 |     7 ||    81
         Headbutt          |     7 |       ||     7
         Punch             |     2 |       ||     2
 Invoke: Berserk           |       |     1 ||     1
    Use: Scroll            |     6 |       ||     6
 Armour: Animal skin       |    56 |     7 ||    63
  Dodge: Dodged            |    47 |     7 ||    54

Table legend: (Time is in decaauts)
 A = Elapsed time spent in this place.
 B = Non-inter-level travel time spent in this place.
 C = Inter-level travel time spent in this place.
 D = Time resting spent in this place.
 E = Time spent auto-exploring this place.
 F = Levels seen in this place.
 G = Mean time per level.
                   A        B        C        D        E       F      G
               +--------+--------+--------+--------+--------+-----+--------+
         Total |   1481 |   1481 |      0 |    104 |    951 |   2 |  740.5 |
       Dungeon |   1481 |   1481 |      0 |    104 |    951 |   2 |  740.5 |
               +--------+--------+--------+--------+--------+-----+--------+

Top non-repeatable levels by time:
     D:1: 937 daAuts
     D:2: 544 daAuts
